 Dungeon Crawl Stone Soup version 0.17.0-24-gcfadda4 (webtiles) character file.

86 Raultor the Insei (level 4, -4/28 HPs)
             Began as an Octopode Transmuter on Nov 16, 2015.
             Slain by a gnoll
             ... wielding a +0 halberd
              (15 damage)
             ... on level 2 of the Dungeon.
             The game lasted 00:04:48 (1802 turns).

Raultor the Insei (Octopode Transmuter)             Turns: 1802, Time: 00:04:48

Health: -4/28      AC:  1    Str: 10    XL:     4   Next: 50%
Magic:  7/7        EV:  8    Int: 15    God:
Gold:   64         SH:  0    Dex: 12    Spells: 1 memorised, 6 levels left

rFire  . . .     SeeInvis .       - Unarmed
rCold  . . .     Clarity  +     (no shield)
rNeg   . . .     SustAt   .     (helmet restricted)
rPois  .         Gourm    .     h - amulet of clarity
rElec  .         Spirit   .     (no ring)
rCorr  .         Warding  .     (no ring)
rMut   .         Stasis   .     (no ring)
MR     .....                    (no ring)
Stlth  ++........               (no ring)
                                (no ring)
                                (no ring)
                                (no ring)

@: not resistant to hostile enchantments, unstealthy
A: almost no armour, amphibious, 8 rings, constrict 8, camouflage 1, spit poison
1, gelatinous body 1, evolution 1, MP-powered wands
a: Spit Poison


You were on level 2 of the Dungeon.
You were not hungry.

You visited 1 branch of the dungeon, and saw 2 of its levels.

You collected 64 gold pieces.

Inventory:

Missiles
 a - 34 arrows
Jewellery
 h - an amulet of clarity (around mantle)
Scrolls
 d - 2 scrolls of fear {unknown}
 g - a scroll of enchant weapon {unknown}
 i - a scroll of remove curse {unknown}
 l - 2 scrolls of identify {unknown}
 n - a scroll of immolation {unknown}
Potions
 j - a potion of haste {unknown}
 m - a potion of poison {unknown}
 o - 2 potions of invisibility {unknown}
 q - a potion of flight {unknown}
Books
 b - a book of Changes

   Spells                             Type                      Level
   a - Beastly Appendage              Transmutation                1
   b - Sticks to Snakes               Transmutation                2
   c - Spider Form                    Transmutation/Poison         3
   d - Ice Form                       Ice/Transmutation            4
   e - Blade Hands                    Transmutation                5
Comestibles
 c - 3 bread rations
 f - a royal jelly
 k - 2 beef jerkies
 p - a meat ration


   Skills:
 + Level 1.3 Fighting
 + Level 3.0 Dodging
 + Level 4.0 Unarmed Combat
 - Level 2.0 Spellcasting
 * Level 2.6 Transmutations


You had 6 spell levels left.
You knew the following spells:

 Your Spells              Type           Power        Failure   Level  Hunger
a - Beastly Appendage     Trmt           #.....       10%         1    #......


Dungeon Overview and Level Annotations

Branches:
Dungeon (2/15)

Altars:
Gozag
Kikubaaqudgha


Innate Abilities, Weirdness & Mutations

You cannot wear most types of armour.
You are amphibious.
You can wear up to eight rings at the same time.
You can use your tentacles to constrict eight enemies at once.
Your skin changes colour to match your surroundings (Stealth).
Your rubbery body absorbs attacks (AC +1).
You can spit weak poison.
You evolve.
You expend magic power (3 MP) to strengthen your wands.


Message History

You grab the gnoll.
The gnoll is severely wounded.
You constrict the gnoll, but do no damage.
The gnoll hits you with a club.
* * * LOW HITPOINT WARNING * * *
Drink which item? (? for menu, Esc to quit)
You feel better.
You constrict the gnoll, but do no damage.
The gnoll hits you with a club.
You tentacle-slap the gnoll. Your squeeze misses the gnoll.
The gnoll is almost dead.
You constrict the gnoll. You tentacle-slap the gnoll.
You kill the gnoll!
Your Unarmed Combat skill increases to level 4!
There is a stone staircase leading down here.
The goblin barely misses you.
The gnoll hits you from afar with a halberd!
Ouch! That really hurt!
You die...

#....†..##.#####.###.#####.
####.#####.......# #.#.#.'.
#.#......###### #..#..#.
#.#.####.########.###.#.
#.#.####.......#.## ####
#......#.......##)###.##
###.##.#.......###.#.###
#.##.#................
###....@gg.....#.##.##.#
#......#...>...#.##.##)#
#.######.......#.#..##.#
#.# #########......)# #.#
#....##.# #.# #.......#
###.### #....##.. #.....#
##..###.. #.###.###
#####..###..


You could see a gnoll and a goblin.

Vanquished Creatures
  2 gnolls (D:2)
  3 adders (D:2)
  A worm (D:2)
  5 giant geckos
  5 hobgoblins
  4 bats
  2 giant cockroaches (D:2)
  2 giant newts (D:2)
  4 goblins
  6 kobolds
  3 rats
37 creatures vanquished.

Notes
Turn   | Place    | Note
--------------------------------------------------------------
     0 | D:1      | Raultor the Octopode Transmuter began the quest for the Orb.
     0 | D:1      | Reached XP level 1. HP: 13/13 MP: 3/3
     0 | D:1      | Noticed a felid
     2 | D:1      | Noticed a dwarf
     2 | D:1      | Noticed a human skeleton
     4 | D:1      | Noticed a spriggan
     5 | D:1      | Noticed a gargoyle
     7 | D:1      | Noticed a spriggan skeleton
     8 | D:1      | Noticed a draconian
    10 | D:1      | Noticed a spriggan zombie
    14 | D:1      | Noticed an elf skeleton
    14 | D:1      | Noticed a spriggan zombie
    14 | D:1      | Noticed a minotaur
    16 | D:1      | Noticed a human zombie
    16 | D:1      | Noticed an elf
   288 | D:1      | Reached XP level 2. HP: 8/18 MP: 5/5
  1205 | D:2      | Reached XP level 3. HP: 19/23 MP: 6/6
  1271 | D:2      | Gained mutation: You evolve. [potion of mutation]
  1271 | D:2      | Gained mutation: You can spit weak poison. [potion of mutation]
  1271 | D:2      | Gained mutation: You expend magic power (3 MP) to strengthen your wands. [potion of mutation]
  1532 | D:2      | Found an ancient bone altar of Kikubaaqudgha.
  1532 | D:2      | Found an opulent altar of Gozag.
  1632 | D:2      | Reached XP level 4. HP: 25/28 MP: 7/7
  1786 | D:2      | Reached skill level 4 in Unarmed Combat
  1802 | D:2      | Slain by a gnoll

Action                   |  1- 3 |  4- 6 || total
-------------------------+-------+-------++-------
Melee: Unarmed           |    74 |    15 ||    89
 Abil: Spit Poison       |     1 |     4 ||     5
  Use: Potion            |     2 |     1 ||     3
 Stab: Sleeping          |     6 |       ||     6
  Eat: Chunk             |     2 |     1 ||     3
